 Dungeon Crawl Stone Soup version 0.31-a0-174-g85c54bcb58 (webtiles) character file.

Game seed: 4483791754334635945

481 qw the Shooter (level 7, -14/44 HPs)
             Began as a Gargoyle Hunter on June 15, 2023.
             Was an Initiate of Okawaru.
             Demolished by an ogre
             ... wielding a +0 giant club
              (26 damage)
             ... on level 5 of the Dungeon.
             The game lasted 00:01:49 (4084 turns).

qw the Shooter (Gargoyle Hunter)                    Turns: 4084, Time: 00:01:50

Health: -14/44     AC: 12    Str: 20    XL:     7   Next: 12%
Magic:  7/7        EV: 11    Int: 10    God:    Okawaru [......]
Gold:   27         SH:  0    Dex: 15    Spells: 6/6 levels left

rFire   . . .        Y - +0 shortbow
rCold   + . .        (shield currently unavailable)
rNeg    + . .        e - +1 ring mail {rC+}
rPois   inf          (no helmet)
rElec   +            (no cloak)
rCorr   .            (no gloves)
SInv    .            c - +0 pair of boots
Will    .....        (no amulet)
Stlth   +            g - +6 ring of strength
HPRegen 0.27/turn    (no ring)
MPRegen 0.10/turn

%: no passive effects
@: no status effects
A: sickness immunity, AC +4, negative energy resistance 1, electricity
resistance, torment resistance 1, petrification resistance
a: Renounce Religion


You were on level 5 of the Dungeon.
You worshipped Okawaru.
Okawaru was noncommittal.
You visited 2 branches of the dungeon, and saw 6 of its levels.

You collected 268 gold pieces.
You spent 241 gold pieces at shops.


Innate Abilities, Weirdness & Mutations

You are immune to sickness and miasma.
Your stone body is resilient. (AC +4)
You are immune to poison.
You resist negative energy. (rN+)
You are resistant to electric shocks. (rElec)
You are resistant to unholy torment.
You are immune to petrification.


   Skills:
 - Level 4.3 Fighting
 + Level 7.4 Ranged Weapons
 - Level 1.0 Armour
 - Level 1.5 Dodging
 - Level 1.1 Stealth


You had 6 spell levels left.
You didn't know any spells.
Your spell library was empty.

Inventory:

Hand Weapons
 Y - a +0 shortbow (weapon)
Armour
 c - a +0 pair of boots (worn)
 e - a +1 ring mail of cold resistance (worn)
Jewellery
 g - a +6 ring of strength (left hand)
Scrolls
 b - 3 scrolls of identify
 j - a scroll of amnesia {unknown}
 k - 2 scrolls of teleportation
Potions
 a - a potion of degeneration {unknown}
 d - a potion of resistance {unknown}
 f - a potion of curing {unknown}
 h - a potion of ambrosia {unknown}
 i - a potion of enlightenment {unknown}
 l - a potion of attraction {unknown}

Dungeon Overview and Level Annotations

Branches:
Dungeon (5/15)             Temple (1/1) D:4

Altars:
Ashenzari
Cheibriados
Elyvilon
Fedhas
Gozag
Hepliaklqana
Kikubaaqudgha
Makhleb
Nemelex Xobeh
Okawaru
Qazlal
Sif Muna
Trog
Vehumet
Wu Jian
Xom
Zin
The Shining One

Shops:
D:5 **((


Message History

b - 3 scrolls of identify (gained 1) Thank you for shopping at Lucoawut's Assorted Antiques!
4068 ||| BUYING scroll of teleportation (48 gold).
k - a scroll of teleportation Thank you for shopping at Lucoawut's Assorted Antiques!
4068 ||| BUYING scroll of teleportation (48 gold).
k - 2 scrolls of teleportation (gained 1) Thank you for shopping at Lucoawut's Assorted Antiques!
4068 ||| BUYING smoky white potion (14 gold).
l - a smoky white potion Thank you for shopping at Lucoawut's Assorted Antiques!
4068 ||| SHOPLISTING twisted glass wand (64 gold, have 27).
You can access your shopping list by pressing '$'.
There is an entrance to Udeuc's Antique Weapon Boutique here.
Enter note:
Enter note:
4071 ||| SHOPLISTING arbalest (90 gold, have 27).
You can access your shopping list by pressing '$'.
There is an entrance to Oqelusm's Antique Weapon Boutique here.
Enter note:
Enter note: An ogre comes into view. It is wielding a +0 giant club.
Enter note:
Enter note: You shoot an arrow.
The arrow hits the ogre.
The ogre is lightly wounded.
You shoot an arrow. The arrow closely misses the ogre.
You shoot an arrow. The arrow closely misses the ogre.
The ogre closely misses you.
You shoot an arrow. The arrow hits the ogre.
The ogre is moderately wounded.
You shoot an arrow. The arrow hits the ogre!
The ogre is severely wounded.
The ogre hits you with a +0 giant club!!
You shoot an arrow. The arrow barely misses the ogre.
The ogre hits you with a +0 giant club!
You shoot an arrow. The arrow completely misses the ogre.
The ogre hits you with a +0 giant club!!
Ouch! That really hurt!
You die...

....# .## .... ..... ..
..(.##.#.#####.#
....#..... ...#
...#..#.####..###
..#..<.........##
#.#.#..7.7.7.7..# ####
##.#.....#.\.#...#.....
#....##.7.7.7.7@O......
#....##..\.#.\..#......
##...###.7.7.7.7.#
.....
..........#.\.#..# ...#
##...###.7.7.7.7.# ...
.................# ..
#....##.........## .
#.#####.######### #.#
#.


You could see an ogre.

Vanquished Creatures
  2 scorpions (D:4)
  A hound (D:4)
  2 orc priests
  2 orc wizards (D:4)
  Terence (D:2)
  3 gnolls (D:2)
  2 adders (D:4)
  A river rat (D:4)
  An ufetubus (D:4)
  5 worms
  6 dart slugs
  16 orcs
  7 endoplasms
  4 giant cockroaches
  7 goblins
  5 hobgoblins
  4 jackals (D:2)
  7 quokkas
  8 ball pythons
  4 bats
  2 frilled lizards
  5 kobolds
  3 rats
98 creatures vanquished.

Notes
Turn   | Place    | Note
-------+----------+-------------------------------------------
     0 | D:1      | qw the Gargoyle Hunter began the quest for the Orb.
     0 | D:1      | Reached XP level 1. HP: 12/12 MP: 1/1
     0 | D:1      | 0 ||| qw: Version: 0.2-a-29-g511e9b1
     0 | D:1      | 0 ||| qw: Game counter: 5586
     0 | D:1      | 0 ||| qw: Always use a shield: true
     0 | D:1      | 0 ||| qw: God list: Okawaru
     0 | D:1      | 0 ||| qw: Allow faded altars: false
     0 | D:1      | 0 ||| qw: Do Orc after D:15 true
     0 | D:1      | 0 ||| qw: Do second Lair branch before Depths: true
     0 | D:1      | 0 ||| qw: Lair rune preference: random
     0 | D:1      | 0 ||| qw: Plans: Normal, Zot:1-4, Slime:5, God:TSO, Crypt,
                  | Tomb, Abyss, Pan, Hells, Win
     0 | D:1      | 0 ||| PLANNING D:1-11
   304 | D:1      | Reached XP level 2. HP: 17/17 MP: 2/2
   408 | D:1      | 408 ||| FLEEEEING.
   409 | D:1      | 409 ||| FLEEEEING.
   811 | D:1      | 811 ||| UPGRADING to +6 ring of strength.
   812 | D:1      | 812 ||| READING scroll labelled HEDYECR QODOIH.
   813 | D:1      | 813 ||| READING scroll labelled WINACWO GAOT.
   814 | D:1      | 814 ||| READING scroll labelled WONAAD ECACY.
   818 | D:1      | 818 ||| DROPPING scroll of butterflies.
   859 | D:2      | Reached XP level 3. HP: 21/21 MP: 3/3
   885 | D:2      | HP: 5/21 [worm (9)]
   888 | D:2      | HP: 2/21 [worm (4)]
   890 | D:2      | Reached skill level 5 in Ranged Weapons
  1016 | D:2      | Reached skill level 3 in Fighting
  1022 | D:2      | Reached XP level 4. HP: 15/28 MP: 4/4
  1104 | D:2      | Found a burning altar of Makhleb.
  1193 | D:2      | 1193 ||| FLEEEEING.
  1194 | D:2      | 1194 ||| FLEEEEING.
  1195 | D:2      | 1195 ||| FLEEEEING.
  1196 | D:2      | 1196 ||| FLEEEEING.
  1198 | D:2      | 1198 ||| FLEEEEING.
  1199 | D:2      | 1199 ||| FLEEEEING.
  1200 | D:2      | 1200 ||| FLEEEEING.
  1201 | D:2      | 1201 ||| FLEEEEING.
  1202 | D:2      | 1202 ||| FLEEEEING.
  1236 | D:2      | Noticed Terence
  1251 | D:2      | HP: 7/28 [Terence/+0 hand axe of freezing (1)]
  1252 | D:2      | 1252 ||| READING scroll of teleportation.
  1254 | D:2      | Killed Terence
  1370 | D:2      | 1370 ||| FLEEEEING.
  1371 | D:2      | 1371 ||| FLEEEEING.
  1372 | D:2      | 1372 ||| FLEEEEING.
  1714 | D:2      | 1714 ||| UPGRADING to +0 ring mail.
  1724 | D:2      | 1724 ||| DROPPING +0 leather armour.
  1725 | D:2      | 1725 ||| READING scroll labelled GOGO UZOCICAST.
  1726 | D:2      | 1726 ||| READING 2 scrolls labelled JOBBUOK JOTZU.
  1727 | D:2      | 1727 ||| DROPPING scroll of noise.
  1805 | D:3      | Reached XP level 5. HP: 30/32 MP: 5/5
  1814 | D:3      | 1814 ||| Stepping ~*~*~tactically~*~*~ (outnumbered).
  1818 | D:3      | Reached skill level 1 in Armour
  1818 | D:3      | 1818 ||| FLEEEEING.
  1820 | D:3      | 1820 ||| FLEEEEING.
  1821 | D:3      | 1821 ||| FLEEEEING.
  1822 | D:3      | 1822 ||| FLEEEEING.
  1823 | D:3      | 1823 ||| FLEEEEING.
  1824 | D:3      | 1824 ||| FLEEEEING.
  1825 | D:3      | 1825 ||| FLEEEEING.
  1826 | D:3      | 1826 ||| FLEEEEING.
  1827 | D:3      | 1827 ||| FLEEEEING.
  1828 | D:3      | 1828 ||| FLEEEEING.
  1829 | D:3      | 1829 ||| FLEEEEING.
  1830 | D:3      | 1830 ||| FLEEEEING.
  1831 | D:3      | 1831 ||| FLEEEEING.
  1832 | D:3      | 1832 ||| STAIRDANCE
  1891 | D:3      | Reached skill level 6 in Ranged Weapons
  1935 | D:3      | Found a glowing silver altar of Zin.
  1982 | D:3      | Found a stormy altar of Qazlal.
  1983 | D:3      | Found an ornate altar of the Wu Jian Council.
  2238 | D:3      | Found a radiant altar of Vehumet.
  2301 | D:3      | Found a blossoming altar of Fedhas.
  2494 | D:3      | 2494 ||| UPGRADING to +0 pair of boots.
  2514 | D:4      | 2514 ||| PLANNING SEWER
  2682 | D:4      | 2682 ||| FLEEEEING.
  2683 | D:4      | 2683 ||| STAIRDANCE
  2708 | D:3      | 2708 ||| READING scroll labelled OWIAKHISS.
  2711 | D:4      | 2711 ||| STAIRDANCE
  2759 | D:4      | Found a staircase to the Ecumenical Temple.
  2770 | D:4      | Reached XP level 6. HP: 33/39 MP: 6/6
  3064 | D:4      | 3064 ||| FLEEEEING.
  3150 | D:4      | 3150 ||| RIP SEWER
  3152 | D:4      | 3152 ||| PLANNING TEMPLE
  3152 | D:4      | 3152 ||| UPGRADING to +1 ring mail of cold resistance.
  3162 | D:4      | 3162 ||| DROPPING +0 ring mail.
  3193 | D:4      | Reached skill level 7 in Ranged Weapons
  3222 | D:4      | Reached XP level 7. HP: 19/44 MP: 7/7
  3226 | D:4      | HP: 11/44 [orc/+0 club (1)]
  3227 | D:4      | 3227 ||| READING scroll of teleportation.
  3362 | Temple   | Entered the Ecumenical Temple
  3364 | Temple   | 3364 ||| PLANNING OKAWARU WORSHIP
  3517 | Temple   | Became a worshipper of Warmaster Okawaru
  3518 | Temple   | 3518 ||| PLANNING D:1-11
  3718 | D:4      | 3718 ||| Stepping ~*~*~tactically~*~*~ (water).
  3756 | D:4      | 3756 ||| Stepping ~*~*~tactically~*~*~ (water).
  3758 | D:4      | 3758 ||| Stepping ~*~*~tactically~*~*~ (water).
  3835 | D:4      | 3835 ||| READING scroll labelled HOCUUFUVOU.
  4000 | D:5      | Entered Level 5 of the Dungeon
  4059 | D:5      | Found Zongewn's Assorted Antiques.
  4059 | D:5      | Found Oqelusm's Antique Weapon Boutique.
  4063 | D:5      | Found Lucoawut's Assorted Antiques.
  4065 | D:5      | 4065 ||| BUYING fizzy coppery potion (18 gold).
  4065 | D:5      | Bought a fizzy coppery potion for 18 gold pieces
  4065 | D:5      | 4065 ||| BUYING pink potion (18 gold).
  4065 | D:5      | Bought a pink potion for 18 gold pieces
  4065 | D:5      | 4065 ||| BUYING scroll labelled JOHIOT IT RES (21 gold).
  4065 | D:5      | Bought a scroll labelled JOHIOT IT RES for 21 gold pieces
  4065 | D:5      | 4065 ||| BUYING scroll of identify (42 gold).
  4065 | D:5      | Bought a scroll of identify for 42 gold pieces
  4066 | D:5      | Found Udeuc's Antique Weapon Boutique.
  4068 | D:5      | 4068 ||| BUYING scroll of identify (32 gold).
  4068 | D:5      | Bought a scroll of identify for 32 gold pieces
  4068 | D:5      | 4068 ||| BUYING scroll of teleportation (48 gold).
  4068 | D:5      | Bought a scroll of teleportation for 48 gold pieces
  4068 | D:5      | 4068 ||| BUYING scroll of teleportation (48 gold).
  4068 | D:5      | Bought a scroll of teleportation for 48 gold pieces
  4068 | D:5      | 4068 ||| BUYING smoky white potion (14 gold).
  4068 | D:5      | Bought a smoky white potion for 14 gold pieces
  4068 | D:5      | 4068 ||| SHOPLISTING twisted glass wand (64 gold, have 27).
  4071 | D:5      | 4071 ||| SHOPLISTING arbalest (90 gold, have 27).
  4084 | D:5      | Demolished by an ogre

Levels and vault maps discovered:
D:1:      psy_arrival_whirlpool, layout_basic
D:2:      layout_basic, basic_altar, serial_aquarium, aquarium_bridge_square
          [aquarium_subvault_balcony, aquarium_subvault_bridge,
          aquarium_subvault_window, aquarium_subvault_balcony],
          aquarium_bridge_square [aquarium_subvault_bridge,
          aquarium_subvault_bridge, aquarium_subvault_bridge,
          aquarium_subvault_wall], aquarium_window_fake, aquarium_window_fake,
          aquarium_window_1, aquarium_window_fake, aquarium_view_2e,
          aquarium_view_2b, aquarium_pool_corner, uniq_terence
D:3:      layout_loops_cross, mainiacjoe_overflow_catch_the_wave, minitemple,
          mainiacjoe_overflow_24_doors
D:4:      layout_loops_ring, minmay_temple_entry_mist, gup_sewer_entry_spiral,
          serial_bayou_crossing
D:5:      layout_basic, yredelemnul_altar_generic,
          mainiacjoe_overflow_two_lobes, minmay_shop_grid_forest
Temple:   hellmonk_temple_forest_ring

Skill      XL: |  1  2  3  4  5  6 |
---------------+-------------------+-----
Ranged Weapons | 5 6 7 |  7.4
Fighting       | 3 4 |  4.3
Armour         | 1 |  1.0
Dodging        | |  1.5
Stealth        | |  1.1

Action                     |  1- 3 |  4- 6 |  7- 9 || total
---------------------------+-------+-------+-------++-------
   Fire: Shortbow          |    91 |   276 |    50 ||   417
    Use: Scroll            |     3 |     4 |     2 ||     9
 Armour: Leather armour    |     8 |    16 |       ||    24
         Ring mail         |       |    82 |    12 ||    94
  Dodge: Dodged            |    18 |   131 |     7 ||   156

Table legend:
 A = Non-vault XP
 B = Vault XP
 C = Vault XP percentage of total XP
 D = Non-vault monster count
 E = Vault monster count
 F = Vault count percentage of total count
                 A         B        C        D         E       F
            +---------+---------+-------+---------+---------+-------
      Total |     624 |      64 |   9.3 |      91 |       7 |   7.1
            +---------+---------+-------+---------+---------+-------
        D:1 |      28 |       0 |   0.0 |      17 |       0 |   0.0
        D:2 |      91 |      36 |  28.3 |      23 |       1 |   4.2
        D:3 |      96 |       0 |   0.0 |      26 |       0 |   0.0
        D:4 |     409 |      28 |   6.4 |      25 |       6 |  19.4
            +---------+---------+-------+---------+---------+-------
